 Dungeon Crawl Stone Soup version 0.19-a0-1008-g4c63d25 (webtiles) character file.

55 epen the Firebug (level 3, -4/20 HPs)
             Began as a Tengu Fire Elementalist on July 22, 2016.
             Killed from afar by a goblin (14 damage)
             ... with an exploding inner flame
             ... led by Robin
             ... hexed by the player character
             ... on level 3 of the Dungeon.
             The game lasted 00:03:49 (1734 turns).

epen the Firebug (Tengu Fire Elementalist)          Turns: 1734, Time: 00:03:49

Health: -4/20      AC:  2    Str:  8    XL:     3   Next: 93%
Magic:  0/8        EV: 13    Int: 16    God:
Gold:   83         SH:  0    Dex: 14    Spells: 3 memorised, 1 level left

rFire  + . .     SeeInvis .     k - +0 short sword
rCold  x . .     Gourm    .     a - +0 robe
rNeg   . . .     Faith    .     (no shield)
rPois  .         Spirit   .     (helmet restricted)
rElec  .         Dismiss  .     (no cloak)
rCorr  .         Reflect  .     (no gloves)
SustAt .         Harm     .     (boots unavailable)
MR     .....                    (no amulet)
Stlth  ++........               (no ring)
                                j - ring of fire

@: not resistant to hostile enchantments, unstealthy
A: beak, talons 3
a: no special abilities


You were on level 3 of the Dungeon.
You were not hungry.

You visited 1 branch of the dungeon, and saw 3 of its levels.

You collected 83 gold pieces.

Inventory:

Hand Weapons
 k - a +0 short sword (weapon)
Armour
 a - a +0 robe (worn)
Jewellery
 j - a ring of fire (left hand)
Scrolls
 h - a scroll of remove curse
 i - 2 scrolls of amnesia {unknown}
 o - a scroll of fog {unknown}
 p - a scroll of recharging {unknown}
Potions
 d - 4 potions of heal wounds {unknown}
 e - 2 potions of haste {unknown}
 f - 2 potions of flight {unknown}
 l - a potion of cancellation {unknown}
 m - a potion of curing {unknown}
 n - a potion of brilliance {unknown}
Books
 b - a book of Flames

   Spells                             Type                      Level
   a - Flame Tongue                   Conjuration/Fire             1
   b - Throw Flame                    Conjuration/Fire             2
   c - Conjure Flame                  Conjuration/Fire             3
   d - Inner Flame                    Hexes/Fire                   3
   e - Sticky Flame                   Conjuration/Fire             4
   f - Fireball                       Conjuration/Fire             5
Comestibles
 c - a bread ration
 g - 4 fruits


   Skills:
 + Level 1.1 Fighting
 + Level 2.5 Dodging
 - Level 2.0 Stealth
 * Level 2.6 Spellcasting
 + Level 2.2 Conjurations
 * Level 3.8 Fire Magic


You had one spell level left.
You knew the following spells:

 Your Spells              Type           Power        Failure   Level  Hunger
a - Flame Tongue          Conj/Fire      ###..        8%          1    #......
b - Throw Flame           Conj/Fire      ###...       10%         2    ##.....
c - Inner Flame           Hex/Fire       ##......     28%         3    ###....


Dungeon Overview and Level Annotations

Branches:
Dungeon (3/15)

Altars:
Pakellas
Ru

Annotations:
D:3 Robin


Innate Abilities, Weirdness & Mutations

You have a beak for a mouth.
You have claws for feet.


Message History

The goblin is moderately wounded.
The goblin closely misses you. The goblin misses you.
You hit the goblin.
You kill the goblin!
The goblin hits you but does no damage.
Robin laughs in a distinctly smug fashion.
Robin roars a battlecry!
The goblin goes into a battle-frenzy!
The goblin completely misses you.
You hear a shout! x4
Casting: Flame Tongue
Confirm with . or Enter, or press ? or * to list all spells.
Aiming: Flame Tongue
Press: ? - help, Shift-Dir - straight line, f/p - goblin
Aim: a goblin, wielding a dagger (heavily wounded, unusually strong, inner flame)
You feel a surge of power!
The flame tongue hits the goblin.
The goblin explodes!
The fiery explosion engulfs you! You resist.
Ouch! That really hurt!
You die...

####......#.##
+......g.....<
####...####.##
##.w.....#
##.###### ### #g#
#+# ##.## #§# #.#
##.#.###§# #.#
#.#....@§#
##.####...#####
#####...#........#
...#......##.###.#
##.##...#.##.# #
.............#
##.######.####
...# #.# #### #.#


You could see a worm, Robin and a hobgoblin.

Vanquished Creatures
  An adder (D:2)
  A dart slug (D:1)
  2 giant geckos (D:2)
  4 bats
  3 giant cockroaches
  12 goblins
  2 hobgoblins
  3 kobolds (D:1)
  A quokka (D:2)
  2 giant newts
  8 rats
39 creatures vanquished.

Notes
Turn   | Place    | Note
-------+----------+-------------------------------------------
     0 | D:1      | epen the Tengu Fire Elementalist began the quest for the Orb.
     0 | D:1      | Reached XP level 1. HP: 10/10 MP: 4/4
   211 | D:1      | Reached XP level 2. HP: 15/15 MP: 4/6
   215 | D:1      | Learned a level 2 spell: Throw Flame
   750 | D:2      | Reached XP level 3. HP: 20/20 MP: 5/7
   755 | D:2      | Learned a level 3 spell: Inner Flame
   944 | D:2      | Reached skill level 1 in Fighting
  1202 | D:2      | Found a sacrificial altar of Ru.
  1585 | D:2      | Found an oddly glowing altar of Pakellas.
  1714 | D:3      | Noticed Robin
  1734 | D:3      | Killed from afar by a goblin

Vault maps used:
D:1:      lightli_arrival_flooded_house
D:2:      grunt_pakellas_mercury, nicolae_overflow_hidden_temple
D:3:      ecumenical_altar_2, first_bread, due_unseen_surprise, uniq_robin

Skill      XL: |  1  2  3 |
---------------+----------+-----
Conjurations   | 2 |  2.2
Fighting       | 1 |  1.1
Dodging        | |  2.5
Stealth        | |  2.0
Spellcasting   | |  2.6
Fire Magic     | |  3.8

Action                   || total
-------------------------++-------
Melee: Unarmed           ||     8
       Short sword       ||    48
       Kick              ||     9
       Peck              ||     3
 Cast: Flame Tongue      ||    37
       Inner Flame       ||     2
  Use: Scroll            ||     1
 Stab: Sleeping          ||     1
  Eat: Chunk             ||     3
Armor: Robe              ||    11
Dodge: Dodged            ||    41
